 Dungeon Crawl Stone Soup version 0.31.0-11-ge490571c62 (webtiles) character file.

Game seed: 4930022498023825887

47 qw the Shooter (level 3, -1/18 HPs)
             Began as a Spriggan Hunter on Feb 3, 2024.
             Slain by a goblin
             ... wielding a +0 dagger
             ... led by Robin
              (4 damage)
             ... on level 2 of the Dungeon.
             The game lasted 00:00:03 (927 turns).

qw the Shooter (Spriggan Hunter)                     Turns: 927, Time: 00:00:03

Health: -1/18      AC:  0    Str:  7    XL:     3   Next: 48%
Magic:  4/4        EV: 16    Int: 10    God:
Gold:   98         SH:  0    Dex: 20    Spells: 2/2 levels left

rFire   . . .        a - melded +0 shortbow
rCold   . . .        (shield currently unavailable)
rNeg    . . .        c - melded +0 robe
rPois   .            (helmet currently unavailable)
rElec   .            (cloak currently unavailable)
rCorr   .            (gloves unavailable)
SInv    +            (boots unavailable)
Will    .....        e - amulet of the acrobat
Stlth   ++           g - melded ring of protection from fire
HPRegen 0.23/turn    (ring currently unavailable)
MPRegen 0.09/turn

%: acrobat
@: pig-form, very quick
A: fast, no casting, small, no large weapons, unfitting armour, see invisible,
(speed 3)
a: no special abilities


You were on level 2 of the Dungeon.
You were a filthy swine.
You visited 1 branch of the dungeon, and saw 2 of its levels.

You collected 98 gold pieces.


Innate Abilities, Weirdness & Mutations

You are a filthy swine.
You move quickly.
Your equipment is almost entirely melded.
You are incapable of wielding weapons or throwing items.
You cannot cast spells.
You are very small and have problems with some larger weapons.
You are too small for most types of armour.
You have supernaturally acute eyesight. (SInv)
((You cover ground extremely quickly. (Speed+++)))


   Skills:
 - Level 1.5 Fighting
 + Level 4.7 Ranged Weapons
 - Level 4.0 Dodging
 - Level 1.5 Stealth


You had 2 spell levels left.
You didn't know any spells.
Your spell library was empty.

Inventory:

Hand Weapons
 a - a +0 shortbow (melded)
Armour
 c - a +0 robe (melded)
Jewellery
 e - an amulet of the acrobat (around neck)
 g - a ring of protection from fire (melded)
Scrolls
 b - a scroll of blinking {unknown}

Dungeon Overview and Level Annotations

Branches:
Dungeon (2/15)

Altars:

Annotations:
D:2 Robin


Message History

A goblin comes into view. It is wielding a +0 dagger. x2
The goblin shouts!
You shoot an arrow. The arrow closely misses the goblin.
The goblin shouts! x2
The goblin misses you.
A frilled lizard comes into view.
You shoot an arrow. The frilled lizard hisses angrily.
The arrow hits the goblin.
The goblin is severely wounded.
The goblin barely misses you.
The frilled lizard unfolds its giant frill.
Robin throws the goblin at you!
The goblin hits you with a +0 dagger. x2
You shoot an arrow. The arrow hits the goblin!
You kill the goblin!
Robin roars a battlecry!
The goblins go into a battle-frenzy!
The goblin closely misses you. The goblin hits you with a +0 dagger.
You shoot an arrow. The arrow hits the goblin.
You kill the goblin!
Robin throws the goblin at you! The goblin closely misses you.
The goblin completely misses you.
You shoot an arrow. The arrow closely misses the goblin.
Robin throws the goblin at you!
A goblin comes into view. It is wielding a +0 club.
The goblin barely misses you. The goblin misses you. x2
You shoot an arrow. The arrow hits the goblin.
You kill the goblin!
The goblin completely misses you. Robin throws the goblin at you!
The goblin misses you.
You shoot an arrow. The arrow barely misses the goblin.
The goblin closely misses you. The goblin hits you with a +0 dagger.
Robin zaps a wand.
You turn into a filthy swine.
Your +0 shortbow melds into your body.
Your +0 robe melds into your body.
Your ring of protection from fire melds into your body.
The goblin barely misses you. x2; The goblin closely misses you.
The goblin barely misses you.
927 ||| FLEEEEING.
You miss the goblin. The goblin closely misses you.
The goblin hits you with a +0 dagger.
You die... ..... .... .gg. #lg

##. #g. #.. #g# ...
##g## #.# ##.h)##
#.#### ##.ggg.##
#.##.## ##)......#
###.#...####.........#
...........'>........+
###.#...####.........#
#)##.## ##.......##
#.#### ##.....## #.#
##...##


You could see Robin, 3 hobgoblins, 5 goblins and a frilled lizard.

Vanquished Creatures
  2 dart slugs (D:2)
  4 ball pythons (D:1)
  2 bats (D:1)
  7 endoplasms (D:1)
  A giant cockroach (D:1)
  2 hobgoblins (D:1)
  2 jackals (D:1)
  2 quokkas
  4 frilled lizards (D:1)
  5 goblins
  4 kobolds
  3 rats (D:1)
  A spectral kobold (D:1)
39 creatures vanquished.

Notes
Turn   | Place    | Note
-------+----------+-------------------------------------------
     0 | D:1      | qw the Spriggan Hunter began the quest for the Orb.
     0 | D:1      | Reached XP level 1. HP: 10/10 MP: 2/2
     0 | D:1      | 0 ||| qw: Version: 0.3-a-155-g5e7d8dd
     0 | D:1      | 0 ||| qw: Game counter: 3274
     0 | D:1      | 0 ||| qw: Melee chars always use a shield: true
     0 | D:1      | 0 ||| qw: God list: Okawaru
     0 | D:1      | 0 ||| qw: Allow faded altars: false
     0 | D:1      | 0 ||| qw: Do Orc after clearing Dungeon:15 true
     0 | D:1      | 0 ||| qw: Do second Lair branch before Depths: true
     0 | D:1      | 0 ||| qw: Lair rune preference: random
     0 | D:1      | 0 ||| qw: Goals: Normal
     0 | D:1      | 0 ||| PLANNING D:1-11
    39 | D:1      | Reached skill level 3 in Dodging
    97 | D:1      | Reached XP level 2. HP: 14/14 MP: 3/3
   255 | D:1      | Found a faded altar of an unknown god.
   399 | D:1      | Reached XP level 3. HP: 18/18 MP: 4/4
   718 | D:1      | 718 ||| UPGRADING to amulet of the acrobat.
   723 | D:1      | 723 ||| UPGRADING to ring of protection from fire.
   724 | D:1      | 724 ||| READING 2 scrolls labelled NUOTACEEKK.
   724 | D:1      | 724 ||| IDENTIFYING inky potion
   725 | D:1      | 725 ||| READING scroll of identify.
   725 | D:1      | 725 ||| IDENTIFYING fizzy blue potion
   726 | D:1      | 726 ||| DROPPING scroll of butterflies.
   727 | D:1      | 727 ||| DROPPING potion of brilliance.
   728 | D:1      | 728 ||| DROPPING potion of attraction.
   919 | D:2      | Noticed Robin
   926 | D:2      | HP: 3/18 [goblin/+0 dagger[Robin] (3)]
   927 | D:2      | 927 ||| FLEEEEING.
   927 | D:2      | Slain by a goblin

Levels and vault maps discovered:
D:1:      amcnicky_arrival_wind_blow, layout_basic,
          dreamdust_ecumenical_altar_drowned_temple
D:2:      layout_loops_corners, uniq_robin

Skill      XL: |  1  2 |
---------------+-------+-----
Dodging        | 3 4 |  4.0
Fighting       | |  1.5
Ranged Weapons | |  4.7
Stealth        | |  1.5

Action                     || total
---------------------------++-------
  Melee: Unarmed           ||     1
   Fire: Shortbow          ||    93
    Use: Scroll            ||     2
 Armour: Robe              ||    11
         Skin              ||     1
  Dodge: Dodged            ||    44

Table legend:
 A = Non-vault XP
 B = Vault XP
 C = Vault XP percentage of total XP
 D = Non-vault monster count
 E = Vault monster count
 F = Vault count percentage of total count
                 A         B        C        D         E       F
            +---------+---------+-------+---------+---------+-------
      Total |      63 |       5 |   7.4 |      35 |       4 |  10.3
            +---------+---------+-------+---------+---------+-------
        D:1 |      50 |       1 |   2.0 |      30 |       1 |   3.2
        D:2 |      13 |       4 |  23.5 |       5 |       3 |  37.5
            +---------+---------+-------+---------+---------+-------
